 Dungeon Crawl Stone Soup version 0.18-b1-16-g289874d (webtiles) character file.

59274 Enish the Protected (level 14, -7/102 (105) HPs)
             Began as a Demonspawn Wanderer on May 1, 2016.
             Was an Initiate of Gozag.
             Engulfed by a death drake's foul pestilence (9 damage)
             ... on level 1 of the Abyss.
             The game lasted 01:17:24 (30405 turns).

Enish the Protected (Demonspawn Wanderer)          Turns: 30405, Time: 01:17:24

HP:   -7/102 (105)  AC: 36    Str: 18    XL:     14   Next: 52%
MP:   14/14         EV:  8    Int: 17    God:    Gozag
Gold: 1828          SH:  0    Dex: 21    Spells: 0 memorised, 13 levels left

rFire  + + +     SeeInvis +     x - +1 scimitar of the Priest {flame, Dex+3}
rCold  + + +     Gourm    .     G - +10 plate armour "Guirghiwk" {rF+ rC+ SInv}
rNeg   + . .     Faith    .     H - +1 buckler
rPois  +         Spirit   .     D - +0 helmet of Gieskoy {rElec Int+5}
rElec  +         Dismiss  .     F - +1 cloak "Laeshorph" {rElec rN+ Int-2}
rCorr  +         Reflect  +     b - +2 pair of gloves {Str+3}
SustAt .         Harm     .     (boots unavailable)
MR     +....                    Z - +6 amulet of reflection
Stlth  ..........               T - ring of Quacuq {rF+ rC++}
                                h - ring "Yfaatz" {Dex+3 SInv Stlth+}

@: confused, lethally poisoned (-7 -> -72), resistant, slowed, very slow,
somewhat resistant to hostile enchantments, extremely unstealthy
A: hooves 3, thin metallic scales 1, demonic guardian 1, nightstalker 2,
electricity resistance
a: Potion Petition, Call Merchant, Bribe Branch, Renounce Religion


You were on level 1 of the Abyss.
You worshipped Gozag.
Gozag was noncommittal.
You were not hungry.

You visited 4 branches of the dungeon, and saw 24 of its levels.
You visited the Abyss 1 time.
You also visited: Labyrinth.

You collected 8110 gold pieces.
You spent 2694 gold pieces at shops.
You paid 3588 gold pieces to Gozag.

Inventory:

Hand Weapons
 d - a +0 blowgun
 x - the +1 scimitar of the Priest (weapon) {flame, Dex+3}
   (You bought it in a shop on level 3 of the Lair of Beasts)

   It has been specially enchanted to burn those struck by it, causing extra
   injury to most foes and up to half again as much damage against particularly
   susceptible opponents.
   Big, fiery blades are also staple armaments of hydra-hunters.
   It affects your dexterity (+3).
 y - the +8 long sword of the Spider {antimagic, rN+}
   (You found it on level 7 of the Dungeon)

   It disrupts the flow of magical energy around spellcasters and certain
   magical creatures (including the wielder).
   It protects you from negative energy.
Missiles
 q - 4 javelins (quivered)
 K - 27 poisoned needles
 M - a curare-tipped needle
Armour
 b - a +2 pair of gloves of strength (worn)
 D - the +0 helmet of Gieskoy (worn) {rElec Int+5}
   (You bought it in a shop on level 4 of the Dungeon)

   It affects your intelligence (+5).
   It insulates you from electricity.
 F - the +1 cloak "Laeshorph" (worn) {rElec rN+ Int-2}
   (You found it on level 8 of the Dungeon)

   It affects your intelligence (-2).
   It insulates you from electricity.
   It protects you from negative energy.
 G - the +10 plate armour "Guirghiwk" (worn) {rF+ rC+ SInv}
   (You bought it in a shop on level 4 of the Dungeon)

   It protects you from fire.
   It protects you from cold.
   It lets you see invisible.
 H - a +1 buckler (worn)
 Y - the +0 cloak of Yler {rC++ MR- Str+3 Int+4}
   (You found it on level 4 of the Lair of Beasts)

   It affects your strength (+3).
   It affects your intelligence (+4).
   It greatly protects you from cold.
   It affects your resistance to hostile enchantments.
Jewellery
 g - an uncursed ring of positive energy
 h - the ring "Yfaatz" (left hand) {Dex+3 SInv Stlth+}
   (You found it on level 7 of the Dungeon)

   [ring of see invisible]

   It affects your dexterity (+3).
   It lets you see invisible.
   It makes you more stealthy.
 p - an uncursed amulet of guardian spirit
 S - an uncursed amulet of harm
 T - the ring of Quacuq (right hand) {rF+ rC++}
   (You bought it in a shop on level 2 of the Lair of Beasts)

   [ring of protection from fire]

   It protects you from fire.
   It greatly protects you from cold.
 X - an uncursed ring of flight
 Z - a +6 amulet of reflection (around neck)
Wands
 e - a wand of hasting (6/9)
 i - a wand of random effects (17/48)
 j - a wand of heal wounds (3/9)
 m - a wand of polymorph (12/24)
 r - a wand of random effects (26/48)
 C - a wand of acid (0/15)
 I - a wand of iceblast (9/15)
 N - a wand of polymorph (4/24)
 O - a wand of iceblast (2/15)
 U - a wand of lightning (9/15)
Scrolls
 a - 3 scrolls of enchant weapon
 k - 3 scrolls of remove curse
 s - 2 scrolls of noise
 w - 6 scrolls of fog
 A - a scroll of recharging
 B - 2 scrolls of amnesia
 P - 2 scrolls of teleportation
 Q - 2 scrolls of blinking
 V - 10 scrolls of identify
Potions
 l - 3 potions of magic
 n - 2 potions of might
 o - 2 potions of degeneration
 u - a potion of ambrosia
 v - 2 potions of brilliance
 E - 2 potions of flight
 R - a potion of lignification
 W - a potion of agility
Books
 L - a book of Party Tricks

   Spells                             Type                      Level
   a - Summon Butterflies             Summoning                    1
   b - Apportation                    Translocation                1
   c - Tukima's Dance                 Hexes                        3
   d - Alistair's Intoxication        Transmutation/Poison         5
   e - Invisibility                   Hexes                        6
Comestibles
 c - a meat ration
 f - 14 bread rations
 J - 6 slices of pizza


   Skills:
 - Level 8.0 Fighting
   Level 10.4(12.9) Short Blades
 - Level 12.6(14.0) Long Blades
   Level 1.7 Crossbows
 - Level 1.0 Throwing
 * Level 14.7 Armour
 - Level 1.7 Dodging
 - Level 1.7 Stealth
 - Level 4.0 Shields


You had 13 spell levels left.
You didn't know any spells.

Dungeon Overview and Level Annotations

Branches:
Dungeon (13/15)            Temple (1/1) D:4            Lair (8/8) D:8
 Shoals (0/4) Lair:3       Spider (0/4) Lair:6        Slime (0/6) Lair:8
    Orc (2/2) D:10            Elf (0/3) Orc:2
 Vaults: D:13-14

Altars:
Ashenzari
Cheibriados
Dithmenos
Elyvilon
Fedhas
Gozag
Makhleb
Nemelex Xobeh
Okawaru
Pakellas
Qazlal
Ru
Trog
Vehumet
Xom
Yredelemnul
Zin
The Shining One
Beogh
Jiyva

Shops:
D:4 *?[[?   D:12 (   Orc:1 ?   Orc:2 *   Lair:2 =   Lair:3 (   Lair:6 =

Annotations:
D:7 3 exclusions
D:12 Donald
Orc:2 Sonja; pacci's ghost, journeyman NaBe


Innate Abilities, Weirdness & Mutations

You have hooves in place of feet.
You are partially covered in thin metallic scales (AC +2).
A weak demonic guardian rushes to your aid.
You are significantly more attuned to the shadows.
You are resistant to electric shocks.


Message History

The foul vapour misses you.
Your quasit closely misses the death drake. x2
Your quasit misses the death drake. The death drake closely misses you.
Unknown command.
You are engulfed in dark miasma.
You are more poisoned.
You feel your flesh rotting away!
* * * LOW HITPOINT WARNING * * *
x2 You feel extremely sick.
Your quasit closely misses the death drake. x2
Your quasit claws the death drake but does no damage.
The death drake barely misses you.
Your quasit bites the death drake.
Your quasit claws the death drake but does no damage.
Your quasit misses the death drake.
The death drake bites you but does no damage.
Drink which item? (? for menu, Esc to quit)
It was a potion of resistance.
You feel protected.
You are engulfed in dark miasma.
You die...
Your body crumbles into a pile of gold.

#.####. # #.. #.##
# #.....#.### #..
# ###...#.#!...#.
##.....#.##.#....#
. . #......#.## #
. ..#...5..#ยง. .
.#...#.k..## . ..
#. .#..#.@### #.
..## #.#.# .#.
.#.... ### ..
.##..### #. # ##
.# .. # . . .# .
#.#.## . ... # #.#
####.. # .


You could see a death drake and a friendly quasit.

Vanquished Creatures
  A minotaur (Lab)
  A death knight (D:12)
  3 hydras
  A catoblepas (Lair:8)
  The ghost of 6a6kaBkacke the Protected, a novice MiFi of Fedhas (Lair:3)
  3 death yaks (Lair:4)
  An orc high priest (Orc:1)
  2 hill giants
  2 phantasmal warriors (D:12)
  Pikel (D:6)
  A large abomination (Abyss:1)
  A griffon (Lair:6)
  A wizard (D:11)
  An ugly thing (D:12)
  An orc sorcerer (Orc:2)
  A cyclops (D:11)
  A manticore (D:11)
  6 elephants
  4 black mambas
  2 molten gargoyles (Lair:3)
  2 torpor snails (Lair:4)
  A gargoyle (D:12)
  22 spiny frogs
  8 komodo dragons
  2 rime drakes
  The ghost of Kiel97 the Digger, a novice DEEE (D:4)
  4 polar bears (Lair:1)
  4 trolls
  3 giant leeches (Lair:8)
  A two-headed ogre (D:11)
  22 blink frogs
  Sigmund (D:3)
  A vampire (D:12)
  45 yaks
  A wraith (D:12)
  2 wyverns
  10 hippogriffs
  3 wargs
  Grum (D:9)
  7 vampire mosquitoes (Lair:8)
  3 basilisks
  A steam dragon (Lair:5)
  Menkaure (D:4)
  10 water moccasins
  12 porcupines
  2 ice beasts
  4 sky beasts
  A slave (D:6)
  2 wasps
  5 black bears
  11 wolves
  A necrophage (D:9)
  11 ogres
  3 phantoms
  17 orc warriors
  3 centaurs
  7 crocodiles
  16 giant frogs
  5 big kobolds
  A gnoll sergeant (D:12)
  3 scorpions
  9 killer bees
  3 wights (D:7)
  4 howler monkeys (D:7)
  5 electric eels
  10 crimson imps
  A centaur zombie (D:11)
  A giant frog zombie (D:11)
  5 lava snakes (Lair:3)
  A wasp zombie (D:12)
  5 hounds
  6 jellies
  3 centaur skeletons
  2 giant frog skeletons
  9 orc priests
  25 orc wizards
  12 iguanas
  9 worker ants
  13 sheep
  A hound zombie (D:7)
  2 hound skeletons
  A howler monkey zombie (D:5)
  A worker ant zombie (D:7)
  Robin (D:3)
  19 gnolls
  8 adders
  90 river rats
  7 shadow imps
  An ooze (D:4)
  An adder skeleton (D:4)
  An adder zombie (D:7)
  2 worms
  4 dart slugs
  9 giant geckos
  75 orcs
  11 bats
  5 giant cockroaches
  10 goblins
  11 hobgoblins
  11 jackals
  22 kobolds
  9 quokkas
  A giant cockroach zombie (D:6)
  5 giant newts
  35 rats
  A fungus (Lair:6)
762 creatures vanquished.

Vanquished Creatures (collateral kills)
  A hydra (Lair:6)
  A griffon (Lair:8)
  A black mamba (Lair:4)
  Psyche (D:10)
  A rime drake (Lair:2)
  Prince Ribbit (D:5)
  4 yaks
  A water moccasin (Lair:1)
  A wolf (Lair:2)
  2 ogres
  A big kobold (D:12)
  A giant frog (Lair:1)
  A wight (D:7)
  A worker ant (D:13)
  A sheep (D:12)
  An adder (D:4)
  A gnoll (D:5)
  A river rat (Lair:3)
  4 orcs
26 creatures vanquished.

Vanquished Creatures (others)
  A shadow (D:11)
  A lightning spire (D:8)
  2 sheep (Lair:3)
  A giant gecko (D:6)
  3 bushes
  35 fungi
  23 plants
66 creatures vanquished.

Grand Total: 854 creatures vanquished

Notes
Turn   | Place    | Note
--------------------------------------------------------------
     0 | D:1      | Enish the Demonspawn Wanderer began the quest for the Orb.
     0 | D:1      | Enish set off with: a +2 leather armour, a potion of lignification, 12 poisoned needles, a +0 blowgun, a +0 dagger, a bread ration
     0 | D:1      | Reached XP level 1. HP: 16/16 MP: 1/1
   174 | D:1      | Reached skill level 1 in Short Blades
   261 | D:1      | Gained mutation: You are slightly more attuned to the shadows. [demonic ancestry]
   261 | D:1      | Reached XP level 2. HP: 17/22 MP: 2/2
  1198 | D:2      | Reached XP level 3. HP: 23/27 MP: 3/3
  1742 | D:2      | Gained mutation: A weak demonic guardian rushes to your aid. [demonic ancestry]
  1742 | D:2      | Reached XP level 4. HP: 31/33 MP: 4/4
  2227 | D:3      | Noticed Robin
  2490 | D:3      | Noticed Sigmund
  2501 | D:3      | Killed Sigmund
  2501 | D:3      | Reached skill level 5 in Short Blades
  2501 | D:3      | Gained mutation: You have large cloven feet. [demonic ancestry]
  2501 | D:3      | Reached XP level 5. HP: 17/38 MP: 5/5
  2788 | D:3      | Killed Robin
  2792 | D:3      | Reached XP level 6. HP: 32/44 MP: 6/6
  3342 | D:4      | Found Nurep's General Store.
  3351 | D:4      | Noticed Menkaure
  3689 | D:4      | Noticed Kiel97's ghost (novice DEEE)
  3891 | D:4      | Reached XP level 7. HP: 44/50 MP: 7/7
  4011 | D:4      | Found a staircase to the Ecumenical Temple.
  4017 | Temple   | Entered the Ecumenical Temple
  4157 | Temple   | Became a worshipper of Gozag Ym Sagoz the Greedy
  4433 | D:5      | Entered Level 5 of the Dungeon
  4552 | D:5      | Noticed Prince Ribbit
  4560 | D:5      | Killed Prince Ribbit
  4752 | D:5      | Found a white marble altar of Elyvilon.
  4944 | D:5      | Reached XP level 8. HP: 55/56 MP: 8/8
  5017 | D:5      | You fall through a shaft for 2 floors!
  5067 | D:7      | Found a radiant altar of Vehumet.
  5069 | D:7      | Found an iron altar of Okawaru.
  5070 | D:7      | Found a sparkling altar of Nemelex Xobeh.
  5805 | D:6      | Noticed Pikel
  5829 | D:6      | Killed Pikel
  5829 | D:6      | Reached skill level 10 in Short Blades
  6180 | D:6      | Reached skill level 1 in Armour
  6351 | D:7      | Gained mutation: You are significantly more attuned to the shadows. [demonic ancestry]
  6351 | D:7      | Reached XP level 9. HP: 61/61 MP: 9/9
  6384 | D:7      | Reached skill level 2 in Armour
  6431 | D:7      | Noticed a hill giant
  6464 | D:7      | Noticed a moth of wrath
  6464 | D:7      | Found a bloodstained altar of Trog.
  6547 | D:7      | Reached skill level 3 in Armour
  6687 | D:7      | Reached skill level 4 in Armour
  6964 | D:7      | Got a steaming long sword
  6965 | D:7      | Identified the +8 long sword of the Spider {antimagic, rN+} (You found it on level 7 of the Dungeon)
  7307 | D:8      | Found a staircase to the Lair.
  8048 | D:8      | Got a smoking cloak
  8059 | D:8      | Identified the +1 cloak "Laeshorph" {rElec rN+ Int-2} (You found it on level 8 of the Dungeon)
  8156 | D:8      | Reached skill level 5 in Long Blades
  8324 | D:8      | Found an oddly glowing altar of Pakellas.
  8741 | D:4      | Killed Menkaure
  8746 | D:4      | Found Xohiybrim's Magic Scroll Shoppe.
  8755 | D:4      | Bought the +10 plate armour "Guirghiwk" {rF+ rC+ SInv} for 1178 gold pieces
  8841 | D:4      | Killed Kiel97's ghost
  8844 | D:4      | Reached XP level 10. HP: 64/66 MP: 3/10
  8844 | D:4      | Found Liceneuq's Armour Shoppe.
  8880 | D:4      | Found Vomoc's Magic Scroll Shoppe.
  8995 | D:4      | Found Qougu's Antique Armour Emporium.
  9266 | D:7      | Gained mutation: Your body sometimes deteriorates upon taking damage. [potion of mutation]
  9266 | D:7      | Gained mutation: You are resistant to electric shocks. [potion of mutation]
  9266 | D:7      | Gained mutation: You expend magic power (3 MP) to strengthen your wands. [potion of mutation]
  9539 | D:9      | Noticed Grum
  9567 | D:9      | Killed Grum
  9837 | D:9      | Found a shattered altar of Ashenzari.
  9865 | D:9      | Found a glowing golden altar of the Shining One.
 10095 | D:4      | Bought a heavily runed helmet for 285 gold pieces
 10105 | D:4      | Identified the cursed +0 helmet of Gieskoy {rElec Int+5} (You bought it in a shop on level 4 of the Dungeon)
 10195 | Lair:1   | Entered Level 1 of the Lair of Beasts
 10361 | Lair:1   | Reached skill level 10 in Long Blades
 10714 | Lair:1   | Noticed a black mamba
 10716 | Lair:1   | Gained mutation: You have hoof-like feet. [demonic ancestry]
 10716 | Lair:1   | Reached XP level 11. HP: 67/72 MP: 2/11
 11211 | D:4      | Bought a +2 pair of gloves of strength for 301 gold pieces
 11641 | D:7      | Got a translucent copper ring
 11656 | D:7      | Killed a hill giant
 11656 | D:7      | Reached skill level 5 in Armour
 11660 | D:7      | Identified the ring "Yfaatz" {Dex+3 SInv Stlth+} (You found it on level 7 of the Dungeon)
 12578 | Lair:1   | Reached skill level 6 in Armour
 12764 | Lair:1   | Reached skill level 7 in Armour
 12793 | Lair:1   | Lost mutation: Your body sometimes deteriorates upon taking damage. [potion of cure mutation]
 12793 | Lair:1   | Lost mutation: You expend magic power (3 MP) to strengthen your wands. [potion of cure mutation]
 13528 | Lair:2   | Reached skill level 8 in Armour
 14256 | Lair:2   | Reached skill level 9 in Armour
 14906 | Lair:3   | Noticed 6a6kaBkacke's ghost (novice MiFi)
 15576 | Lair:2   | Bought the ring of Quacuq {rF+ rC++} for 594 gold pieces
 15767 | D:10     | Entered Level 10 of the Dungeon
 15909 | D:10     | Gained mutation: You are partially covered in thin metallic scales (AC +2). [demonic ancestry]
 15909 | D:10     | Reached XP level 12. HP: 76/78 MP: 1/12
 15913 | D:10     | Got a steaming bardiche
 15917 | D:10     | Identified the +5 bardiche of Oshebaox {venom, rPois rC+ Stlth-} (You found it on level 10 of the Dungeon)
 15957 | D:10     | Noticed Psyche
 15965 | D:10     | Killed Psyche
 16168 | D:10     | Found a staircase to the Orcish Mines.
 16240 | D:10     | Reached skill level 10 in Armour
 16258 | D:10     | Got a translucent silver ring
 16382 | D:10     | Found a bloodstained altar of Trog.
 16646 | D:10     | You fall through a shaft!
 16697 | D:11     | Identified the ring of Xutiumyi {Ice +Inv +Fly rElec MR-} (You found it on level 10 of the Dungeon)
 18336 | Lair:3   | Killed 6a6kaBkacke's ghost
 18755 | Lair:3   | Found a staircase to the Shoals.
 19514 | Lair:3   | Bought a shimmering scimitar for 252 gold pieces
 19514 | Lair:3   | Identified the cursed +1 scimitar of the Priest {flame, Dex+3} (You bought it in a shop on level 3 of the Lair of Beasts)
 19537 | Lair:4   | Reached skill level 5 in Fighting
 19546 | Lair:4   | Noticed a death yak
 19547 | Lair:4   | Noticed a death yak
 19547 | Lair:4   | Noticed a death yak
 20349 | Lair:4   | Killed a death yak
 20360 | Lair:4   | Killed a death yak
 20369 | Lair:4   | Killed a death yak
 20369 | Lair:4   | Reached XP level 13. HP: 80/96 MP: 3/13
 20588 | Lair:4   | Found a snail-covered altar of Cheibriados.
 20789 | Lair:4   | Got an ichor-stained cloak
 20800 | Lair:4   | Identified the +0 cloak of Yler {rC++ MR- Str+3 Int+4} (You found it on level 4 of the Lair of Beasts)
 21354 | Lair:5   | Found a bloodstained altar of Trog.
 21603 | Lair:5   | Reached skill level 1 in Shields
 22210 | Lair:6   | Found a labyrinth entrance.
 22260 | Lab      | Entered a labyrinth
 22486 | Lab      | Noticed a minotaur
 22495 | Lab      | Killed a minotaur
 22833 | Lair:6   | Found a hole to the Spider Nest.
 23676 | Lair:7   | Reached skill level 11 in Armour
 24635 | Lair:8   | Entered Level 8 of the Lair of Beasts
 24795 | Lair:8   | Reached skill level 12 in Armour
 25594 | Lair:8   | Gained mutation: You have hooves in place of feet. [demonic ancestry]
 25594 | Lair:8   | Reached XP level 14. HP: 105/105 MP: 14/14
 25606 | Lair:8   | Reached skill level 13 in Armour
 25946 | Lair:8   | Found a staircase to the Slime Pits.
 25946 | Lair:8   | Found a viscous altar of Jiyva.
 27994 | D:12     | Reached skill level 14 in Armour
 28128 | D:12     | Found a shimmering altar of Xom.
 28421 | D:13     | Noticed Donald
 28856 | Orc:1    | Entered Level 1 of the Orcish Mines
 29100 | Orc:1    | Found a roughly hewn altar of Beogh.
 29259 | Orc:1    | Found Mikekiek's Magic Scroll Shoppe.
 29537 | Orc:2    | Entered Level 2 of the Orcish Mines
 29680 | Orc:2    | Noticed Sonja
 29697 | Orc:2    | Noticed pacci's ghost (journeyman NaBe)
 29955 | Orc:2    | Found a staircase to the Elven Halls.
 30172 | Orc:2    | Found a roughly hewn altar of Beogh.
 30215 | Orc:2    | Found Goroown's Assorted Antiques.
 30220 | Orc:2    | Bought a potion of lignification for 84 gold pieces
 30276 | Orc:2    | Found a roughly hewn altar of Beogh.
 30303 | Orc:2    | Cast into level 1 of the Abyss (Sonja)
 30404 | Abyss:1  | HP: 4/102 [death drake] (5)]
 30405 | Abyss:1  | Engulfed by a death drake's foul pestilence

Skill      XL: |  1  2  3  4  5  6  7  8  9 10 11 12 13 14 |
---------------+-------------------------------------------+-----
Short Blades   | 1 2 3 5 6 8 10 | 10.4
Armour         | 1 4 9 10 12 14 | 14.7
Long Blades    | 6 10 11 12 | 12.6
Fighting       | 7 8 |  8.0
Shields        | 4 |  4.0
Crossbows      | |  1.7
Throwing       | |  1.0
Dodging        | |  1.7
Stealth        | |  1.7

Action                   |  1- 3 |  4- 6 |  7- 9 | 10-12 | 13-15 || total
-------------------------+-------+-------+-------+-------+-------++-------
Melee: Dagger            |   167 |   172 |   333 |       |       ||   672
       Kick              |       |    20 |   123 |   190 |   273 ||   606
       Long sword        |       |       |   146 |  1106 |   249 ||  1501
       Scimitar          |       |       |       |       |  1058 ||  1058
Invok: Call Merchant     |       |       |       |     2 |     2 ||     4
Evoke: Wand              |       |       |       |     3 |     1 ||     4
  Use: Scroll            |     2 |     4 |     7 |    16 |     9 ||    38
       Potion            |     1 |     4 |     2 |     7 |     8 ||    22
 Stab: Sleeping          |     7 |     6 |    17 |       |       ||    30
       Invisible         |       |     1 |       |       |       ||     1
       Distracted        |       |       |     8 |    24 |    14 ||    46
  Eat: Chunk             |     2 |     5 |     1 |       |       ||     8
       Fruit             |       |     1 |     1 |    24 |     2 ||    28
       Beef jerky        |       |     1 |       |     1 |     1 ||     3
       Royal jelly       |       |       |     1 |     2 |     1 ||     4
       Bread ration      |       |       |     1 |     1 |     1 ||     3
       Pizza             |       |       |     1 |       |       ||     1
       Meat ration       |       |       |     1 |     2 |     5 ||     8
Armor: Leather armour    |   103 |    74 |   147 |       |       ||   324
       Skin              |     7 |       |       |     5 |       ||    12
       Plate armour      |       |       |     5 |   712 |   602 ||  1319
Dodge: Dodged            |   113 |    93 |   180 |   290 |   214 ||   890
Block: Buckler           |       |       |       |       |   615 ||   615
       Reflection        |       |       |       |       |     8 ||     8
